 Dungeon Crawl Stone Soup version 0.26.0-15-gc6cd9f700b (webtiles) character file.

Game seed: 3378540740977943457

4 EnegeticOcto the Stinger (level 1, -1/13 HPs)
             Began as a Gnoll Venom Mage on Jan 16, 2021.
             Slain by a leopard gecko (5 damage)
             ... on level 2 of the Dungeon.
             The game lasted 00:00:40 (93 turns).

EnegeticOcto the Stinger (Gnoll Venom Mage)           Turns: 93, Time: 00:00:40

Health: -1/13      AC:  2    Str: 10    XL:     1   Next: 60%
Magic:  5/6        EV: 14    Int: 17    God:
Gold:   8          SH:  0    Dex: 15    Spells: 8/9 levels left

rFire    . . .     SeeInvis .   b - +0 short sword
rCold    . . .     Faith    .   (no shield)
rNeg     . . .     Spirit   .   a - +0 robe
rPois    .         Reflect  .   (no helmet)
rElec    .         Harm     .   (no cloak)
rCorr    .         Rampage  .   (no gloves)
Will     .....                  (no boots)
Stlth    +++.......             (no amulet)
HPRegen  0.04/turn              (no ring)
MPRegen  0.10/turn              (no ring)

@: no status effects
A: distributed training, fangs 1, strong nose
a: no special abilities


You were on level 2 of the Dungeon.
You visited 1 branch of the dungeon, and saw 2 of its levels.

You collected 8 gold pieces.

Inventory:

Hand Weapons
 b - a +0 short sword (weapon)
   (You took it off a kobold on level 1 of the Dungeon)
Armour
 a - a +0 robe (worn)
Scrolls
 c - a scroll of teleportation {unknown}
 d - a scroll of fear {unknown}


   Skills:
 + Level 0.1 Fighting
 + Level 0.1 Short Blades
 + Level 0.1 Long Blades
 + Level 0.1 Axes
 + Level 0.1 Maces & Flails
 + Level 0.1 Polearms
 + Level 0.1 Staves
 + Level 0.1 Slings
 + Level 0.1 Bows
 + Level 0.1 Crossbows
 + Level 0.1 Throwing
 + Level 0.1 Armour
 + Level 4.4 Dodging
 + Level 4.0 Stealth
 + Level 0.1 Shields
 + Level 0.1 Unarmed Combat
 + Level 4.9 Spellcasting
 + Level 0.1 Conjurations
 + Level 0.1 Hexes
 + Level 0.1 Summonings
 + Level 0.1 Necromancy
 + Level 0.1 Translocations
 + Level 2.0 Transmutations
 + Level 0.1 Fire Magic
 + Level 0.1 Ice Magic
 + Level 0.1 Air Magic
 + Level 0.1 Earth Magic
 + Level 5.3 Poison Magic
 + Level 0.2 Invocations
 + Level 0.1 Evocations


You had 8 spell levels left.
You knew the following spells:

 Your Spells              Type           Power        Failure   Level
a - Sting                 Tmut/Pois      64%          3%          1

Your spell library contained the following spells:

 Spells                   Type           Power        Failure   Level
 Poisonous Vapours        Pois/Air       26%          7%          2
 Ignite Poison            Fire/Tmut/Pois 12%          16%         3
 Olgreb's Toxic Radiance  Pois           22%          16%         4
 Mephitic Cloud           Conj/Pois/Air  10%          21%         3


Dungeon Overview and Level Annotations

Branches:
Dungeon (2/15)

Altars:

Annotations:
D:2 Terence


Innate Abilities, Weirdness & Mutations

Your experience applies equally to all skills.
You have very sharp teeth.
Your uncanny sense of smell can sniff out nearby items.


Message History

Welcome, EnegeticOcto the Gnoll Venom Mage.
The bosom of this dungeon contains the transcendent artefact, the Orb of Zot.
Press ? for a list of commands and other information.
Found a staircase leading out of the dungeon.
The lindwurm roars!
The snapping turtle hisses angrily.
A kobold comes into view. It is wielding a +0 short sword.
Found 17 stones.
Casting: Sting (safe; 3% risk of failure)
Confirm with . or Enter, or press ? or * to list all spells.
Aiming: Sting (safe; 3% risk of failure)
Press: ? - help, Shift-Dir - straight line, f - kobold
Aim: a kobold, wielding a +0 short sword and quivering 2 stones (asleep, 0% to evade)
The sting hits the kobold.
The kobold is poisoned.
You kill the kobold!
Things that are here:
a +0 short sword; 2 stones
b - a +0 short sword (weapon)
Found 8 gold pieces.
Magic restored.
Found a plate armour.
You now have 8 gold pieces.
Found a stone staircase leading down.
Found a scroll labelled NIACHA YSUG.
You open the door.
A dart slug comes into view.
Found a scroll labelled CUXELY TORIG.
The dart slug launches a dart at you. The slug dart misses you.
Found 18 stones.
Casting: Sting (safe; 3% risk of failure)
Confirm with . or Enter, or press ? or * to list all spells.
Aiming: Sting (safe; 3% risk of failure)
Press: ? - help, Shift-Dir - straight line, f - you You can't see any hostile targets that would be affected.
That beam is likely to hit you.
Continue anyway?
Okay, then.
Casting: Sting (safe; 3% risk of failure)
Confirm with . or Enter, or press ? or * to list all spells.
Aiming: Sting (safe; 3% risk of failure)
Press: ? - help, Shift-Dir - straight line, f - dart slug
Aim: a dart slug (0% to evade)
You miscast Sting.
You are very lightly contaminated with residual magic.
Nothing appears to happen.
The dart slug launches a dart at you. The slug dart hits you.
Casting: Sting (safe; 3% risk of failure)
Confirm with . or Enter, or press ? or * to list all spells.
Aiming: Sting (safe; 3% risk of failure)
Press: ? - help, Shift-Dir - straight line, f/p - dart slug
Aim: a dart slug (0% to evade)
The sting hits the dart slug.
The dart slug is poisoned.
The dart slug is lightly wounded.
Casting: Sting (safe; 3% risk of failure)
Confirm with . or Enter, or press ? or * to list all spells.
Aiming: Sting (safe; 3% risk of failure)
Press: ? - help, Shift-Dir - straight line, f/p - dart slug
Aim: a dart slug (moderately wounded, poisoned, 0% to evade)
The sting hits the dart slug.
The dart slug looks even sicker.
The dart slug is severely wounded.
You hit the dart slug.
You kill the dart slug!
Your Transmutations skill increases to level 2!
c - a scroll labelled NIACHA YSUG Your magical contamination has completely faded away.
d - a scroll labelled CUXELY TORIG
(D) Dungeon
Where to? (? - help)
There is a stone staircase leading down here.
You climb downwards.
A kobold and Terence come into view.
Found 8 stones.
There is a stone staircase leading up here.
Found a cyan potion and a leather armour.
A leopard gecko comes into view.
Terence shouts!
The kobold shouts!
The leopard gecko hisses angrily.
Found 9 gold pieces.
The leopard gecko barely misses you.
Found 28 gold pieces.
Found a stone staircase leading down.
A bat and an ooze come into view.
Found 7 gold pieces.
The ooze quivers.
The leopard gecko barely misses you. The leopard gecko closely misses you.
The leopard gecko bites you.
The leopard gecko bites you but does no damage.
The leopard gecko bites you. The leopard gecko bites you.
You die...

#...........
#........#
#######........#
#.....#........#
#.....#.......##
#.....#K#<#......#
#.....#@#.#...#.!.
##.....#l#.#......#
...>..J@.........[.
##....$#.(...$.....
#...b.+...........
#.....#.####...
#.....#.. ..
+.....#.# .
#.....#.# #..... $#


You could see Terence, an ooze, a leopard gecko, a bat and a kobold.

Vanquished Creatures
  A dart slug (D:1)
  A kobold (D:1)
2 creatures vanquished.

Notes
Turn   | Place    | Note
-------+----------+-------------------------------------------
     0 | D:1      | EnegeticOcto the Gnoll Venom Mage began the quest for the
                  | Orb.
     0 | D:1      | Reached XP level 1. HP: 13/13 MP: 6/6
     6 | D:1      | Noticed a salamander
     6 | D:1      | Noticed a lindwurm
     6 | D:1      | Noticed a rime drake
     6 | D:1      | Noticed a snapping turtle
     6 | D:1      | Noticed a worker ant
    69 | D:1      | Reached skill level 2 in Transmutations
    80 | D:2      | Noticed Terence
    93 | D:2      | Slain by a leopard gecko

Illustrated notes

Levels and vault maps discovered:
D:1:      onia_arrival_zoo_common, layout_basic, serial_bayou_lagoon_a
D:2:      layout_basic, nicolae_overflow_hidden_temple, uniq_terence

Skill      XL: |  1 |
---------------+----+-----
Transmutations | 2 |  2.0
Fighting       | |  0.1
Short Blades   | |  0.1
Long Blades    | |  0.1
Axes           | |  0.1
Maces & Flails | |  0.1
Polearms       | |  0.1
Staves         | |  0.1
Slings         | |  0.1
Bows           | |  0.1
Crossbows      | |  0.1
Throwing       | |  0.1
Armour         | |  0.1
Dodging        | |  4.4
Stealth        | |  4.0
Shields        | |  0.1
Unarmed Combat | |  0.1
Spellcasting   | |  4.9
Conjurations   | |  0.1
Hexes          | |  0.1
Summonings     | |  0.1
Necromancy     | |  0.1
Translocations | |  0.1
Fire Magic     | |  0.1
Ice Magic      | |  0.1
Air Magic      | |  0.1
Earth Magic    | |  0.1
Poison Magic   | |  5.3
Invocations    | |  0.2
Evocations     | |  0.1

Action                   || total
-------------------------++-------
Melee: Short sword       ||     1
 Cast: Sting             ||     3
Armor: Robe              ||     1
Dodge: Dodged            ||     4
